 Dungeon Crawl Stone Soup version 0.30-a0-1161-g0704695555 (webtiles) character file.

Game seed: 4502593592968546811

1816 NinjaNoafa the Digger (level 9, -9/63 HPs)
             Began as a Human Wanderer on Apr 27, 2023.
             Was an Initiate of Gozag.
             Mangled by a gnoll sergeant
             ... wielding a +2 spear of distortion
              (19 damage)
             ... on level 6 of the Dungeon.
             The game lasted 00:13:50 (6427 turns).

NinjaNoafa the Digger (Human Wanderer)              Turns: 6427, Time: 00:13:50

Health: -9/63      AC:  8    Str: 15    XL:     9   Next: 31%
Magic:  17/18      EV: 12    Int: 14    God:    Gozag
Gold:   893        SH:  0    Dex: 13    Spells: 18/21 levels left

rFire   . . .        a - +2 short sword (protect)
rCold   . . .        (no shield)
rNeg    + . .        i - +2 leather armour {Will+}
rPois   .            l - +0 helmet
rElec   .            (no cloak)
rCorr   .            b - +0 pair of gloves
SInv    +            v - +0 pair of boots {Fly}
Will    +....        k - amulet of magic regeneration
Stlth   +            e - ring of see invisible
HPRegen 0.30/turn    C - ring of positive energy
MPRegen 0.56/turn

%: no passive effects
@: gold aura, flying
A: no striking features
a: Renounce Religion, Potion Petition, Call Merchant, Bribe Branch


You were on level 6 of the Dungeon.
You worshipped Gozag.
Gozag was pleased with you.
You visited 1 branch of the dungeon, and saw 6 of its levels.

You collected 2024 gold pieces.
You spent 1131 gold pieces at shops.

Inventory:

Hand Weapons
 a - a +2 short sword of protection (weapon)
Missiles
 d - a curare-tipped dart
 m - 5 javelins
 A - 9 poisoned darts
Armour
 b - a +0 pair of gloves (worn)
 i - a +2 leather armour of willpower (worn)
 l - a +0 helmet (worn)
 v - a +0 pair of boots of flying (worn)
Jewellery
 e - a ring of see invisible (left hand)
 k - an amulet of magic regeneration (around neck)
 C - a ring of positive energy (right hand)
Wands
 f - a wand of polymorph (9)
 x - a wand of roots (4)
Scrolls
 c - 3 scrolls of magic mapping
 g - 4 scrolls of blinking
 h - 6 scrolls of poison
 q - 3 scrolls of teleportation
 t - a scroll of vulnerability
 u - a scroll of fog
 w - 2 scrolls of enchant weapon {unknown}
 y - a scroll of torment {unknown}
Potions
 j - 4 potions of curing
 n - 2 potions of mutation
 o - a potion of lignification
 p - a potion of brilliance
 s - a potion of invisibility {unknown}
 z - 4 potions of might {unknown}
 B - a potion of haste


   Skills:
 - Level 3.0 Fighting
 - Level 2.0 Maces & Flails
 - Level 2.1 Armour
 - Level 3.0 Dodging
 + Level 6.6 Spellcasting
 + Level 4.5 Transmutations
 + Level 6.9 Earth Magic


You had 18 spell levels left.
You knew the following spells:

 Your Spells              Type           Power      Damage    Failure   Level
a - Sandblast             Erth           48%        2d12      1%          1
b - Passwall              Tmut/Erth      16%        N/A       2%          2

Your spell library contained the following spells:

 Spells                   Type           Power      Damage    Failure   Level
 Petrify                  Tmut/Erth      20%        N/A       17%         4
 Magic Dart               Conj           16%        1d3       19%         1
 Searing Ray              Conj           8%         2d4       28%         2
 Leda's Liquefaction      Hex/Erth       7%         N/A       41%         4
 Call Canine Familiar     Summ           4%         N/A       50%         3
 Portal Projectile        Hex/Tloc       8%         N/A       50%         3
 Tukima's Dance           Hex            4%         N/A       50%         3
 Blade Hands              Tmut           8%         N/A       63%         5
 Fulminant Prism          Conj/Hex       2%         3d5       88%         4
 Ozocubu's Refrigeration  Ice            2%         4d7       100%        7
 Polar Vortex             Ice            2%         N/A       100%        9
 Simulacrum               Ice/Necr       Unusable   N/A       N/A         6

Dungeon Overview and Level Annotations

Branches:
Dungeon (6/15)
 Temple: D:4-7

Altars:
Cheibriados
Fedhas
Gozag
Hepliaklqana
Ru
Wu Jian
Xom
Yredelemnul
Zin
The Shining One

Shops:
D:5 *


Message History

You reach down and open the door.
There is an open door here.
An orc wizard comes into view. It is wielding a +0 war axe.
The orc wizard shouts!
An orc wizard is nearby!
An orc wizard is nearby!
An orc wizard is nearby!
You can't see any susceptible monsters within range! (Use Z to cast anyway.)
You can't see any susceptible monsters within range! (Use Z to cast anyway.)
The gnoll sergeant shouts!
The blast of sand hits the orc wizard!
The orc wizard is almost dead.
The orc priest shouts!
You hear a shout!
An orc comes into view. It is wielding a +2 dagger of freezing.
The orc wizard points at you and mumbles some strange words.
The magic dart hits you.
The blast of sand hits the orc wizard but does no damage.
The orc wizard is almost dead.
The gnoll sergeant hits you from afar with a +2 spear of distortion.
Space warps horribly around you! The orc wizard closely misses you.
The blast of sand hits the orc wizard!
You kill the orc wizard!
The gnoll sergeant hits you from afar with a +2 spear of distortion!
Space warps around you.
* * * LOW HITPOINT WARNING * * *
The gnoll sergeant barely misses you.
The orc priest invokes the aid of Beogh against you.
Beogh smites you!
* * * LOW HITPOINT WARNING * * *
Unknown command.
Unknown command.
Aiming: Sandblast (safe; 1% risk of failure)
Press: ? - help, Q - select action, (/) - cycle Shift-Dir - straight line, f - orc priest
Aim: an orc priest, wielding a +0 club and wearing a +0 chain mail (87% to hit)
The blast of sand hits the orc priest but does no damage.
The gnoll sergeant hits you from afar with a +2 spear of distortion.
* * * LOW HITPOINT WARNING * * *
Space warps horribly around you!!
You die...
Your body crumbles into a pile of gold.

....... gg # .........##o##
############ .........#...>
#.........)# ....g.....#....
#..........+ ..........$..##
#..........#+##o..#+ #§#.##
#..............g.##.# ##.##..
#.....###'#..o..##...###...##.
#.....#...#..@..+..⌠..+..⌠..+.
#.....'...#....## #'#...###
#.....#...#...## ##.##.##.#
#.....#.###..## ##...###...
#....##.# ##.# #.....#....
#.... ... #.+ +.....'....
#....#... ### #.....#....
#....##+## ##...###... #....
##.##.##.#


You could see a gnoll sergeant, an orc priest, a gnoll and an orc.

Vanquished Creatures
  Grinder (D:4)
  Eustachio (D:5)
  A steam dragon (D:5)
  Duvessa (D:5)
  An ice beast (D:5)
  A black bear (D:5)
  A tengu (D:5)
  A kobold brigand (D:5)
  Dowan (D:5)
  A howler monkey (D:5)
  3 orc priests
  2 hounds (D:5)
  Terence (D:1)
  2 iguanas (D:5)
  2 sleepcaps
  6 orc wizards
  14 gnolls
  9 adders
  2 worms
  2 dart slugs
  24 orcs
  7 bats
  5 endoplasms
  6 giant cockroaches
  10 goblins
  11 hobgoblins
  4 quokkas
  7 ball pythons
  8 frilled lizards
  7 kobolds
  6 rats
148 creatures vanquished.

Vanquished Creatures (others)
  3 orc wizards
  3 orcs
  2 goblins (D:4)
8 creatures vanquished.

Grand Total: 156 creatures vanquished

Notes
Turn   | Place    | Note
-------+----------+-------------------------------------------
     0 | D:1      | NinjaNoafa the Human Wanderer began the quest for the Orb.
     0 | D:1      | NinjaNoafa set off with the following items: a +0 mace, a
                  | +0 pair of gloves, a potion of brilliance, a +0 leather
                  | armour; and the following spell memorised: Sandblast; and
                  | the following spells available to memorise: Passwall,
                  | Petrify.
     0 | D:1      | Reached XP level 1. HP: 16/16 MP: 2/2
   250 | D:1      | Found a faded altar of an unknown god.
   256 | D:1      | Reached XP level 2. HP: 22/22 MP: 4/4
   264 | D:1      | Prayed at the altar of an unknown god.
   264 | D:1      | Became a worshipper of Gozag Ym Sagoz the Greedy
   642 | D:1      | Reached XP level 3. HP: 27/27 MP: 5/5
   876 | D:2      | Noticed Terence
   932 | D:1      | Killed Terence
   933 | D:1      | Reached XP level 4. HP: 14/33 MP: 1/7
  1133 | D:2      | Found Potek's Magic Scroll Emporium.
  1138 | D:2      | Bought 2 scrolls of identify for 40 gold pieces
  1947 | D:3      | Reached XP level 5. HP: 35/38 MP: 7/9
  2178 | D:3      | Found a snail-covered altar of Cheibriados.
  2181 | D:3      | Found a glowing silver altar of Zin.
  2190 | D:3      | Found an ornate altar of the Wu Jian Council.
  2191 | D:3      | Found a blossoming altar of Fedhas.
  2332 | D:3      | Identified the +2 whip "Vax Boik" {antimagic, *Slow rPois
                  | Str+5 SInv}
  2465 | D:3      | Reached XP level 6. HP: 42/44 MP: 11/11
  2583 | D:3      | Reached skill level 5 in Earth Magic
  3045 | D:4      | Noticed Grinder
  3054 | D:4      | Paralysed by Grinder for 4 turns
  3068 | D:4      | Killed Grinder
  3069 | D:4      | Reached skill level 5 in Spellcasting
  3069 | D:4      | Reached skill level 1 in Armour
  3069 | D:4      | Reached XP level 7. HP: 28/51 MP: 12/14
  3312 | D:4      | Found a hazy altar of Hepliaklqana.
  3358 | D:2      | Bought a scroll of acquirement for 520 gold pieces
  3360 | D:2      | Bought a scroll of enchant armour for 75 gold pieces
  3360 | D:2      | Bought a scroll of teleportation for 30 gold pieces
  3360 | D:2      | Bought a scroll of poison for 40 gold pieces
  3360 | D:2      | Bought a scroll of fog for 40 gold pieces
  3362 | D:2      | Acquired 835 gold pieces
  3365 | D:2      | Bought a scroll of identify for 20 gold pieces
  3365 | D:2      | Bought a scroll of teleportation for 30 gold pieces
  3365 | D:2      | Bought a scroll of identify for 20 gold pieces
  3365 | D:2      | Bought a scroll of vulnerability for 40 gold pieces
  3492 | D:4      | Found a glowing golden altar of the Shining One.
  3496 | D:4      | Noticed an angel
  3504 | D:4      | Found a basalt altar of Yredelemnul.
  3506 | D:4      | Noticed a profane servitor
  3764 | D:5      | Entered Level 5 of the Dungeon
  3764 | D:5      | Noticed Duvessa
  3764 | D:5      | Noticed Dowan
  3932 | D:5      | Killed Duvessa
  3933 | D:5      | Reached skill level 1 in Transmutations
  3933 | D:5      | Reached XP level 8. HP: 36/58 MP: 13/15
  3936 | D:5      | Killed Dowan
  4473 | D:5      | Found a shimmering altar of Xom.
  4473 | D:5      | Found a sacrificial altar of Ru.
  4716 | D:5      | Found Rob Ebraob's General Store.
  4735 | D:5      | Bought 2 potions of haste for 240 gold pieces
  4735 | D:5      | Bought a scroll of teleportation for 36 gold pieces
  4768 | D:5      | Learned a level 2 spell: Passwall
  4828 | D:5      | Noticed Edmund
  4845 | D:5      | Edmund changed into Edmund the wyvern
  4845 | D:5      | Noticed Edmund
  4846 | D:5      | Edmund the wyvern changed into Edmund the tengu
  4846 | D:5      | Noticed Edmund
  4871 | D:5      | Killed Edmund the tengu
  4872 | D:5      | Reached XP level 9. HP: 12/63 MP: 14/18
  5245 | D:5      | Noticed Eustachio
  5269 | D:5      | Killed Eustachio
  6427 | D:6      | Mangled by a gnoll sergeant

Illustrated notes

Levels and vault maps discovered:
D:1:      dpeg_arrival_round_c, layout_basic,
          shapermc_ecumenical_altar_starsandcircs
D:2:      layout_basic, serial_shops, nicolae_shop_hallway_stairs, uniq_terence
D:3:      layout_loops_ring, minitemple, nicolae_half_adder
D:4:      layout_loops_cross, grunt_temple_overflow_holy_war,
          kennysheep_mini_moat, minmay_box_of_dots, uniq_grinder
D:5:      layout_loops_corners, gammafunk_temple_overflow_statue,
          supply_closet_lemuel, kennysheep_diamond, uniq_edmund, uniq_eustachio,
          uniq_duvessa
D:6:      layout_gridville, nicolae_hexahallways

Skill      XL: |  1  2  3  4  5  6  7  8  9 |
---------------+----------------------------+-----
Spellcasting   | 2 3 5 6 |  6.6
Earth Magic    | 4 5 6 |  6.9
Armour         | 1 2 |  2.1
Dodging        | 3 |  3.0
Fighting       | 3 |  3.0
Transmutations | 1 3 4 |  4.5
Maces & Flails | |  2.0

Action                     |  1- 3 |  4- 6 |  7- 9 || total
---------------------------+-------+-------+-------++-------
  Melee: Mace              |    55 |       |       ||    55
         Dagger            |    19 |    18 |       ||    37
         Short sword       |       |       |    23 ||    23
         Punch             |       |       |     1 ||     1
   Cast: Sandblast         |     9 |   132 |   196 ||   337
         Passwall          |       |       |     2 ||     2
  Evoke: Wand              |       |       |     4 ||     4
    Use: Potion            |     2 |       |     5 ||     7
         Scroll            |       |     4 |     7 ||    11
   Stab: Distracted        |     1 |       |       ||     1
         Sleeping          |     1 |       |       ||     1
 Armour: Leather armour    |    46 |    23 |    91 ||   160
         Skin              |     2 |       |       ||     2
  Dodge: Dodged            |    47 |    23 |   175 ||   245

Table legend: (Time is in decaauts)
 A = Elapsed time spent in this place.
 B = Non-inter-level travel time spent in this place.
 C = Inter-level travel time spent in this place.
 D = Time resting spent in this place.
 E = Time spent auto-exploring this place.
 F = Levels seen in this place.
 G = Mean time per level.
                   A        B        C        D        E       F      G
               +--------+--------+--------+--------+--------+-----+--------+
         Total |   6614 |   5975 |    639 |   1059 |   3503 |   6 | 1102.3 |
       Dungeon |   6614 |   5975 |    639 |   1059 |   3503 |   6 | 1102.3 |
               +--------+--------+--------+--------+--------+-----+--------+

Top non-repeatable levels by time:
     D:5: 2144 daAuts
     D:4: 1099 daAuts
     D:1: 1023 daAuts
     D:2: 943 daAuts
     D:3: 929 daAuts
     D:6: 474 daAuts
